 Dungeon Crawl Stone Soup version 0.20-a0-622-g01f5896 (webtiles) character file.

9471 pichaelthompson the Blocker (level 11, -1/84 HPs)
             Began as a Demonspawn Berserker on Feb 8, 2017.
             Was a High Priest of Trog.
             Slain by Erica
             ... wielding a +2 scimitar of flaming
              (7 damage)
             ... on level 9 of the Dungeon on Feb 9, 2017.
             The game lasted 01:56:09 (10881 turns).

pichaelthompson the Blocker (Demonspawn Berserker) Turns: 10881, Time: 01:56:09

Health: -1/84      AC: 16    Str: 18    XL:     11   Next: 23%
Magic:  11/11      EV: 16    Int:  8    God:    Trog [*****.]
Gold:   491        SH:  0    Dex: 16    Spells: 10/10 levels left

rFire    . . .     SeeInvis .   J - +7 glaive (protect)
rCold    . . .     Gourm    .   K - +0 troll leather armour
rNeg     + . .     Faith    .   (shield currently unavailable)
rPois    .         Spirit   .   (no helmet)
rElec    .         Reflect  .   (no cloak)
rCorr    +         Harm     .   (no gloves)
MR       .....                  F - +1 pair of boots "Desut" {rN+}
Stlth    +++.......             (no amulet)
Regen    0.7/turn               a - ring of stealth
                                k - ring of resist corrosion

@: lethally poisoned (-1 -> -2), exhausted, protection aura, slowed, very slow
A: hooves 2, thin metallic scales 1, powered by pain 1, spiny 1
a: Berserk, Trog's Hand, Brothers in Arms, Burn Spellbooks, Renounce Religion


You were on level 9 of the Dungeon.
You worshipped Trog.
Trog was extremely pleased with you.
You were not hungry.

You visited 1 branch of the dungeon, and saw 9 of its levels.

You collected 491 gold pieces.

Inventory:

Hand Weapons
 w - a +2 dagger of venom
 J - a +7 glaive of protection (weapon)
Missiles
 m - 3 tomahawks of returning (quivered)
Armour
 y - a +0 large shield of protection
 F - the +1 pair of boots "Desut" (worn) {rN+}
   (You found it on level 8 of the Dungeon)

   It protects you from negative energy.
 K - a +0 troll leather armour (worn)
Jewellery
 a - a ring of stealth (right hand)
 k - a ring of resist corrosion (left hand)
Wands
 j - a wand of acid (8/15)
 s - a wand of flame (21/48)
 C - a wand of polymorph (13/24)
 D - a wand of scattershot (5/9)
 E - a wand of polymorph (16/24)
 H - a wand of confusion (8/48)
Scrolls
 b - 3 scrolls of blinking
 f - 2 scrolls of recharging {unknown}
 o - 3 scrolls of teleportation
 p - a scroll of summoning {unknown}
 q - a scroll of fear {unknown}
 r - 2 scrolls of noise {unknown}
 t - 3 scrolls of remove curse
 A - 4 scrolls of magic mapping {unknown}
 G - a scroll of enchant armour {unknown}
Potions
 d - 3 potions of heal wounds
 e - 2 potions of mutation {unknown}
 g - a potion of mutation {unknown}
 i - 2 potions of brilliance
 l - a potion of invisibility {unknown}
 n - 5 potions of flight
 u - 5 potions of curing
 v - 2 potions of might
 x - 4 potions of degeneration {unknown}
 z - 2 potions of agility {unknown}
 I - a potion of lignification {unknown}
 M - a potion of resistance {unknown}
Comestibles
 c - 9 bread rations
 h - 13 fruits
 B - 3 meat rations
 L - 7 chunks of flesh


   Skills:
 + Level 7.5 Fighting
 + Level 7.2 Short Blades
 + Level 4.1 Polearms
 + Level 6.5 Armour
 + Level 6.1 Dodging
 + Level 3.6 Stealth
 + Level 8.4 Shields


You had 10 spell levels left.
You didn't know any spells.

Dungeon Overview and Level Annotations

Branches:
Dungeon (9/15)             Temple (0/1) D:4            Lair (0/6) D:8
    Orc (0/2) D:9

Altars:
Ashenzari
Dithmenos
Hepliaklqana
Kikubaaqudgha
Makhleb
Okawaru
Ru
Xom
Zin

Shops:
D:6 :}%   D:9 *

Annotations:
D:9 Erica


Innate Abilities, Weirdness & Mutations

You have hoof-like feet.
You are partially covered in thin metallic scales. (AC +2)
You sometimes gain a little power by taking damage.
You are partially covered in sharp spines.


Message History

You hit something.
Your weapon exudes an aura of protection.
Something hits you but does no damage.
You hear some strange, mumbled words.
A bolt of poison appears from out of thin air!
The bolt of poison hits you!
You are poisoned.
* * * LOW HITPOINT WARNING * * *
You hit something.
You feel very sick. Something hits you but does no damage. Something hits you.
* * * LOW HITPOINT WARNING * * *
Something burns you.
* * * LOW HITPOINT WARNING * * *
You closely miss something.
You feel sick. Something hits you.
* * * LOW HITPOINT WARNING * * *
Something burns you.
* * * LOW HITPOINT WARNING * * *
Something hits you!
You die...

#...........#
#...........#..
#...........#....
####...#.####....
###########..... #. ...#
.. #8..... . #. ## ...#
...#.....######...'..
..... ####
..'..>...........#...#.##.
# #.....)@{......#...#.##.
# #8.))).........#...#.##.
###
##.).).........#...#....
..#
#............##.........)
..#
#............#..._.....).
..##
#............#...........
....#
#.....#.#####.........###
.#......#.###.#.#
#._..⌠.._.###
)...###.#.###.#.#
#...........)


There were no monsters in sight!

Vanquished Creatures
  2 two-headed ogres
  The ghost of SlowGraham the Archer, a novice CeWr of Makhleb (D:9)
  A troll (D:8)
  Prince Ribbit (D:7)
  A hippogriff (D:9)
  Sigmund (D:2)
  A hungry ghost (D:5)
  6 yaks (D:9)
  6 soldier ants (D:7)
  A water moccasin (D:6)
  5 porcupines (D:8)
  An eye of draining (D:8)
  2 ice beasts
  3 sky beasts
  A black bear (D:8)
  2 phantoms (D:8)
  A necrophage (D:9)
  3 orc warriors (D:9)
  5 ogres
  A crocodile (D:8)
  4 bullfrogs
  3 scorpions
  14 killer bees
  3 wights (D:7)
  2 jellies
  3 howler monkeys (D:9)
  2 crimson imps
  4 hounds
  2 bullfrog zombies
  5 centaur zombies
  2 bullfrog skeletons
  11 orc priests
  8 orc wizards
  A centaur skeleton (D:5)
  4 iguanas
  8 worker ants
  A hound zombie (D:7)
  2 hound skeletons
  2 mummies (D:7)
  3 gnolls (D:7)
  10 adders
  A howler monkey skeleton (D:6)
  4 shadow imps
  An ooze (D:1)
  An adder skeleton (D:6)
  2 worms (D:2)
  A dart slug (D:1)
  2 leopard geckos
  27 orcs
  2 ball pythons
  3 giant cockroaches
  10 goblins
  10 hobgoblins
  3 jackals (D:1)
  7 kobolds
  3 quokkas
  5 bats
  7 frilled lizards
  A jackal zombie (D:7)
  4 rats
  A bush (D:4)
  2 fungi (D:8)
236 creatures vanquished.

Vanquished Creatures (others)
  2 orcs (D:9)
  3 fungi (D:8)
  A plant (D:8)
6 creatures vanquished.

Grand Total: 242 creatures vanquished

Notes
Turn   | Place    | Note
-------+----------+-------------------------------------------
     0 | D:1      | pichaelthompson the Demonspawn Berserker began the quest for the Orb.
     0 | D:1      | Reached XP level 1. HP: 18/18 MP: 1/1
   292 | D:1      | Gained mutation: You are partially covered in sharp spines. [demonic ancestry]
   292 | D:1      | Reached XP level 2. HP: 15/24 MP: 2/2
   833 | D:1      | Reached ** piety under Trog
   833 | D:1      | Reached XP level 3. HP: 29/29 MP: 3/3
  1218 | D:2      | Noticed Sigmund
  1228 | D:2      | Killed Sigmund
  1228 | D:2      | Reached skill level 1 in Stealth
  1228 | D:2      | Reached XP level 4. HP: 37/37 MP: 4/4
  1228 | D:2      | Reached XP level 5. HP: 42/42 MP: 5/5
  2915 | D:4      | Gained mutation: You sometimes gain a little power by taking damage. [demonic ancestry]
  2915 | D:4      | Reached XP level 6. HP: 37/49 MP: 6/6
  3182 | D:4      | Found a staircase to the Ecumenical Temple.
  3367 | D:4      | Found a shadowy altar of Dithmenos.
  3555 | D:4      | Reached skill level 1 in Short Blades
  3567 | D:5      | Entered Level 5 of the Dungeon
  3567 | D:5      | Noticed a hungry ghost
  3579 | D:5      | Killed a hungry ghost
  3579 | D:5      | Reached skill level 1 in Shields
  3579 | D:5      | Reached XP level 7. HP: 55/55 MP: 7/7
  4015 | D:5      | Reached skill level 5 in Fighting
  4047 | D:5      | Reached *** piety under Trog
  4370 | D:5      | Reached skill level 2 in Shields
  4370 | D:5      | Gained mutation: You have large cloven feet. [demonic ancestry]
  4370 | D:5      | Reached XP level 8. HP: 59/62 MP: 8/8
  4944 | D:5      | Reached skill level 5 in Armour
  5391 | D:6      | Found Coniti's Gadget Shoppe.
  5481 | D:6      | Found Icimaria's Food Boutique.
  5507 | D:6      | Reached skill level 3 in Shields
  5774 | D:6      | Found Yfoiffof's Book Shoppe.
  6129 | D:7      | Noticed Prince Ribbit
  6139 | D:7      | Killed Prince Ribbit
  6139 | D:7      | Reached **** piety under Trog
  6267 | D:7      | Found a glowing silver altar of Zin.
  6286 | D:7      | Reached XP level 9. HP: 49/68 MP: 9/9
  6310 | D:7      | Found a runed gate.
  6323 | D:7      | Reached skill level 4 in Shields
  6327 | D:7      | Found a runed door.
  6680 | D:7      | Found a runed gate.
  6681 | D:7      | Found a shimmering altar of Xom.
  6690 | D:7      | Found a runed gate.
  6759 | D:7      | Found a runed door.
  6808 | D:6      | Reached skill level 5 in Short Blades
  6808 | D:6      | Reached skill level 5 in Shields
  7298 | D:7      | Upgraded the game from 0.20-a0-613-g92415a4 to 0.20-a0-622-g01f5896
  7536 | D:7      | Reached skill level 5 in Dodging
  7591 | D:7      | Reached skill level 6 in Shields
  7715 | D:7      | Gained mutation: You have hoof-like feet. [demonic ancestry]
  7715 | D:7      | Reached XP level 10. HP: 73/76 MP: 10/10
  7928 | D:7      | Found a hazy altar of Hepliaklqana.
  8303 | D:8      | Got a pair of encrusted boots
  8314 | D:8      | Identified the +1 pair of boots "Desut" {rN+} (You found it on level 8 of the Dungeon)
  8489 | D:8      | Noticed a two-headed ogre
  8498 | D:8      | Killed a two-headed ogre
  8993 | D:8      | Reached skill level 7 in Shields
  9122 | D:8      | Found a staircase to the Lair.
  9550 | D:8      | Reached ***** piety under Trog
  9930 | D:8      | Found a shattered altar of Ashenzari.
 10106 | D:9      | Found a sacrificial altar of Ru.
 10109 | D:9      | Found a burning altar of Makhleb.
 10151 | D:9      | Found an iron altar of Okawaru.
 10260 | D:9      | Found an ancient bone altar of Kikubaaqudgha.
 10383 | D:9      | Noticed SlowGraham's ghost (novice CeWr)
 10481 | D:9      | Noticed a two-headed ogre
 10484 | D:9      | Killed SlowGraham's ghost
 10484 | D:9      | Reached skill level 8 in Shields
 10484 | D:9      | Gained mutation: You are partially covered in thin metallic scales. (AC +2) [demonic ancestry]
 10484 | D:9      | Reached XP level 11. HP: 71/84 MP: 11/11
 10494 | D:9      | Killed a two-headed ogre
 10616 | D:9      | Received a gift from Trog
 10651 | D:9      | Found Nippos's Demolitions Depot.
 10857 | D:9      | Found a staircase to the Orcish Mines.
 10866 | D:9      | Noticed Erica
 10881 | D:9      | Slain by Erica

Vault maps used:
D:1:      dpeg_chamrin_arrival_tetris
D:2:      lemuel_upstairs_altar, uniq_sigmund
D:3:      first_bread, item_on_display_a
D:4:      nicolae_dithmenos_through_a_glass_darkly,
          minmay_temple_entry_overgrown
D:6:      serial_shops, shop_fountains, nicolae_shop_trees, shop,
          nicolae_sextant
D:7:      old_standard_altar, old_standard_altar, marbit_many_paths,
          serial_undead, serial_undead_f, serial_undead_e, serial_undead_c,
          serial_undead_e, minmay_guarded_unrand_staff_of_olgreb,
          uniq_prince_ribbit1
D:8:      kennysheep_mini, due_lair_maze_entry_diamond, grunt_ogre_cave
D:9:      nicolae_qazlal_general_emergency, grunt_temple_overflow_open,
          eat_drink_and_be_merry_uskayaw, minmay_orc_entry_temple_small,
          nicolae_blasting_shop, uniq_pikel, uniq_erica

Skill      XL: |  1  2  3  4  5  6  7  8  9 10 |
---------------+-------------------------------+-----
Armour         | 2 3 4 5 6 |  6.5
Polearms       | 3 4 |  4.1
Fighting       | 4 5 6 7 |  7.5
Dodging        | 2 3 5 6 |  6.1
Stealth        | 1 2 3 |  3.6
Short Blades   | 1 3 4 5 7 |  7.2
Shields        | 1 2 3 6 8 |  8.4

Action                   |  1- 3 |  4- 6 |  7- 9 | 10-12 || total
-------------------------+-------+-------+-------+-------++-------
Melee: Spear             |    61 |    23 |       |       ||    84
       Dagger            |       |   115 |   405 |   420 ||   940
       Glaive            |       |       |       |    34 ||    34
Invok: Berserk           |     1 |     1 |    12 |     7 ||    21
       Burn Spellbooks   |       |       |     1 |       ||     1
  Use: Scroll            |       |     5 |     2 |     3 ||    10
 Stab: Sleeping          |     1 |       |       |     1 ||     2
  Eat: Chunk             |     1 |     6 |    11 |    11 ||    29
       Royal jelly       |       |     1 |       |     1 ||     2
       Meat ration       |       |     1 |     2 |     1 ||     4
       Bread ration      |       |       |     1 |       ||     1
Armor: Animal skin       |     4 |       |       |       ||     4
       Ring mail         |     1 |    19 |    95 |    25 ||   140
       Troll leather arm |       |       |       |    49 ||    49
Dodge: Dodged            |    36 |    32 |    88 |   109 ||   265
Block: Large shield      |       |    18 |   283 |   256 ||   557
